 Dungeon Crawl Stone Soup version 0.29.1-14-g9c671dbff4 (webtiles) character file.

Game seed: 13664704393907532851

15196 sweetbreads the Geomancer (level 12, -2/73 HPs)
             Began as a Gargoyle Earth Elementalist on Feb 14, 2023.
             Was an Elder of Vehumet.
             Slain by a polar bear (16 damage)
             ... in an ice cave.
             The game lasted 01:24:45 (15932 turns).

sweetbreads the Geomancer (GrEE)                   Turns: 15932, Time: 01:24:46

Health: -2/73      AC: 13    Str: 12    XL:     12   Next: 24%
Magic:  7/15       EV: 16    Int: 21    God:    Vehumet [****..]
Gold:   599        SH: 11    Dex: 16    Spells: 7/15 levels left

rFire   . . .      SeeInvis .   a - staff of earth
rCold   . . .      Faith    .   n - +0 buckler
rNeg    + + .      Spirit   .   e - +0 robe
rPois   ∞          Reflect  +   g - +1 hat
rElec   +          Harm     .   v - +1 cloak
rCorr   .          Rampage  .   (no gloves)
Will    .....                   (no boots)
Stlth   +++.......              r - amulet of reflection
HPRegen 0.22/turn               l - +6 ring of dexterity
MPRegen 0.14/turn               O - ring of positive energy

@: no status effects
A: sickness immunity, AC +8, negative energy resistance 1, electricity
resistance, torment resistance 1, petrification resistance
a: Renounce Religion


You were in an ice cave.
You worshipped Vehumet.
Vehumet was greatly pleased with you.
You visited 3 branches of the dungeon, and saw 14 of its levels.
You also visited: Sewer and Ice Cave.

You collected 701 gold pieces.
You spent 102 gold pieces at shops.

Inventory:

Hand Weapons
 b - a +3 flail
 d - a +2 vorpal flail
 s - a +0 mace of protection
 H - a +1 whip of electrocution
Missiles
 P - 7 curare-tipped darts
 Q - 56 poisoned darts
 U - 2 throwing nets
Armour
 e - a +0 robe (worn)
 g - a +1 hat (worn)
 n - a +0 buckler (worn)
 v - a +1 cloak (worn)
 D - a +0 helmet
 I - +0 acid dragon scales
 L - an orb of energy
Magical Staves
 a - a staff of earth (weapon)
Jewellery
 l - a +6 ring of dexterity (left hand)
 r - an amulet of reflection (around neck)
 B - an amulet of regeneration
 O - a ring of positive energy (right hand)
Wands
 i - a wand of quicksilver (14)
 p - a wand of paralysis (4)
 t - a wand of roots (23)
 J - a wand of flame (7)
Scrolls
 j - 4 scrolls of fear
 m - 5 scrolls of poison
 o - 5 scrolls of teleportation
 q - 5 scrolls of immolation
 w - 3 scrolls of noise
 x - a scroll of summoning
 y - 3 scrolls of amnesia
 A - 2 scrolls of blinking
 E - a scroll of enchant weapon
 K - a scroll of vulnerability
 M - a scroll of butterflies
 N - 3 scrolls of identify
Potions
 c - 3 potions of might
 f - 2 potions of attraction {unknown}
 h - 4 potions of haste
 k - 8 potions of curing
 u - 4 potions of brilliance
 z - 3 potions of flight
 C - 2 potions of invisibility
 F - 3 potions of resistance
 G - 2 potions of heal wounds
 R - a potion of lignification
 S - 2 potions of berserk rage {unknown}
 T - 2 potions of magic


   Skills:
 - Level 8.0 Fighting
 * Level 3.7 Staves
 - Level 8.0 Dodging
 - Level 4.0 Stealth
 - Level 8.0 Shields
 - Level 2.0 Spellcasting
 * Level 8.3 Conjurations
 * Level 3.8 Transmutations
 - Level 12.0 Earth Magic


You had 7 spell levels left.
You knew the following spells:

 Your Spells              Type           Power      Damage    Failure   Level
a - Sandblast             Erth           100%       2d20      1%          1
b - Stone Arrow           Conj/Erth      100%       3d13      1%          3
c - Petrify               Tmut/Erth      52%        N/A       7%          4

Your spell library contained the following spells:

 Spells                   Type           Power      Damage    Failure   Level
 Irradiate                Conj/Tmut      13%        3d16      11%         5
 Passwall                 Tmut/Erth      43%        N/A       1%          2
 Beastly Appendage        Tmut           36%        N/A       3%          1
 Wereblood                Tmut           18%        N/A       6%          2
 Spider Form              Tmut/Pois      10%        N/A       26%         3
 Ozocubu's Armour         Ice            2%         N/A       47%         3
 Portal Projectile        Hex/Tloc       4%         N/A       47%         3
 Tukima's Dance           Hex            2%         N/A       47%         3
 Blade Hands              Tmut           9%         N/A       71%         5
 Anguish                  Hex/Necr       1%         N/A       87%         4
 Metabolic Englaciation   Hex/Ice        1%         N/A       99%         5
 Simulacrum               Ice/Necr       1%         N/A       100%        6
 Enfeeble                 Hex            1%         N/A       100%        7


Dungeon Overview and Level Annotations

Branches:
Dungeon (11/15)            Temple (1/1) D:6            Lair (2/5) D:8
  Sewer (visited)           IceCv (1/1)
  Swamp: Lair:2-3    Shoals: Lair:2-3     Snake: Lair:2-3    Spider: Lair:2-3
    Orc: D:9-12

Altars:
Ashenzari
Cheibriados
Dithmenos
Elyvilon
Fedhas
Gozag
Hepliaklqana
Kikubaaqudgha
Makhleb
Nemelex Xobeh
Okawaru
Qazlal
Ru
Sif Muna
Trog
Uskayaw
Vehumet
Wu Jian
Xom
Yredelemnul
Zin
The Shining One

Shops:
D:4 ([   D:6 *   D:7 *

Portals:
Trove: D:10 (give horn of Geryon)

Annotations:
D:4 Sigmund
Lair:1 exclusion: 2 oklob plants


Innate Abilities, Weirdness & Mutations

You are immune to sickness and miasma.
Your stone body is resilient. (AC +8)
You are immune to poison.
You resist negative energy. (rN+)
You are resistant to electric shocks. (rElec)
You are resistant to unholy torment.
You are immune to petrification.


Message History

Press: ? - help, Shift-Dir - straight line, f/p - polar bear
Aim: a polar bear (severely wounded, berserk, 89% to hit)
You feel a surge of power!
The blast of sand hits the polar bear but does no damage.
The polar bear is severely wounded.
You block the wolf's attack. x2; The polar bear closely misses you.
The polar bear claws you but does no damage. x2
You block the wolf's attack.
The polar bear bites you but does no damage.
The polar bear misses you. The polar bear barely misses you.
The wolf closely misses you. The wolf completely misses you.
Unknown command.
Casting: Sandblast (safe; 1% risk of failure)
Confirm with . or Enter, or press ? or * to list all spells.
Aiming: Sandblast (safe; 1% risk of failure)
Press: ? - help, Shift-Dir - straight line, f/p - polar bear
Aim: a polar bear (severely wounded, berserk, 89% to hit)
You feel a surge of power!
The blast of sand hits the polar bear but does no damage.
The polar bear is severely wounded.
You block the wolf's attack. x2; The polar bear closely misses you.
The polar bear barely misses you. The polar bear closely misses you.
The wolf bites you but does no damage. The polar bear misses you.
The polar bear claws you but does no damage.
The polar bear claws you. The wolf misses you. The wolf closely misses you.
Unknown command.
Casting: Sandblast (safe; 1% risk of failure)
Confirm with . or Enter, or press ? or * to list all spells.
Aiming: Sandblast (safe; 1% risk of failure)
Press: ? - help, Shift-Dir - straight line, f/p - polar bear
Aim: a polar bear (severely wounded, berserk, 89% to hit)
You feel a surge of power!
The blast of sand hits the polar bear!
The polar bear is almost dead.
The wolf closely misses you. The polar bear bites you!
* * * LOW HITPOINT WARNING * * *
The polar bear misses you. You block the polar bear's attack.
The wolf misses you. The wolf bites you.
* * * LOW HITPOINT WARNING * * *
The polar bear bites you!
You die...

h# h# h.##
##### ..#
#∩#.## ..##
#....###..#
#......#h.#
#∩....@h.#
#####..h##
#####


You could see a polar bear (berserk) and 2 wolves.

Vanquished Creatures
  A hydra (Lair:2)
  An ugly thing (D:11)
  A manticore (D:11)
  An unseen horror (D:5)
  A cane toad (Lair:2)
  2 rime drakes (D:11)
  3 komodo dragons
  A kobold demonologist (D:10)
  A troll (D:9)
  A polar bear (IceCv)
  4 blink frogs (Lair:1)
  2 wyverns
  21 yaks
  5 humans
  A basilisk (Lair:2)
  4 vampire mosquitoes (D:10)
  A redback (Lair:2)
  3 wargs (D:8)
  An acid dragon (D:9)
  4 water moccasins
  A sky beast (D:8)
  4 wolves
  2 ogres
  4 centaurs
  A phantom (D:5)
  6 kobold brigands
  7 bullfrogs
  3 necrophages
  4 scorpions
  A gnoll sergeant (D:9)
  9 wights (D:8)
  20 killer bees
  An electric eel (D:7)
  A howler monkey (D:9)
  2 hounds (D:5)
  A gnoll bouda (D:6)
  5 orc priests
  2 iguanas
  8 orc wizards
  Robin (D:4)
  15 gnolls
  11 adders
  4 river rats (Sewer)
  A white imp (D:7)
  2 ufetubi
  4 dart slugs
  23 orcs
  2 bats
  10 endoplasms
  4 giant cockroaches
  11 hobgoblins
  3 quokkas
  19 ball pythons
  8 frilled lizards
  10 goblins
  25 kobolds
  35 rats
  A spectral orc (D:5)
330 creatures vanquished.

Vanquished Creatures (collateral kills)
  A kobold demonologist (D:9)
1 creature vanquished.

Vanquished Creatures (others)
  A human (D:8)
  7 fungi
  8 plants
16 creatures vanquished.

Grand Total: 347 creatures vanquished

Notes
Turn   | Place    | Note
-------+----------+-------------------------------------------
     0 | D:1      | sweetbreads the Gargoyle Earth Elementalist began the quest
                  | for the Orb.
     0 | D:1      | Reached XP level 1. HP: 10/10 MP: 3/3
   193 | D:1      | Reached XP level 2. HP: 15/15 MP: 1/5
   325 | D:2      | Reached skill level 1 in Transmutations
   325 | D:2      | Reached skill level 4 in Earth Magic
   599 | D:1      | Reached XP level 3. HP: 19/19 MP: 4/6
   707 | D:1      | Found a faded altar of an unknown god.
  1058 | D:2      | Reached skill level 5 in Earth Magic
  1249 | D:3      | Reached XP level 4. HP: 24/24 MP: 5/7
  1538 | D:2      | Learned a level 3 spell: Stone Arrow
  1939 | D:3      | Found a radiant altar of Vehumet.
  1956 | D:3      | Found an opulent altar of Gozag.
  1963 | D:3      | Became a worshipper of Vehumet
  2398 | D:3      | Reached XP level 5. HP: 28/28 MP: 4/8
  2757 | D:4      | Reached skill level 6 in Earth Magic
  2762 | D:4      | Reached skill level 1 in Fighting
  3137 | D:4      | Reached skill level 7 in Earth Magic
  3137 | D:4      | Reached XP level 6. HP: 35/35 MP: 3/9
  3298 | D:4      | Found Tyrch's Weapon Shoppe.
  3330 | D:4      | Reached * piety under Vehumet
  3330 | D:4      | Offered knowledge of Shock by Vehumet.
  3787 | D:4      | Reached skill level 8 in Earth Magic
  3787 | D:4      | Reached XP level 7. HP: 31/40 MP: 4/10
  4044 | D:4      | Found Mukisoe's Antique Armour Boutique.
  4071 | D:4      | Noticed Robin
  4148 | D:4      | Killed Robin
  4335 | D:4      | Noticed Sigmund
  4424 | D:5      | Entered Level 5 of the Dungeon
  4658 | D:5      | Noticed a yak
  4723 | D:5      | Killed a yak
  4724 | D:5      | Reached skill level 9 in Earth Magic
  4728 | D:5      | Killed an unseen horror
  4729 | D:5      | Reached skill level 1 in Shields
  4729 | D:5      | Reached skill level 10 in Earth Magic
  4729 | D:5      | Reached XP level 8. HP: 14/48 MP: 1/11
  5429 | D:5      | Found a hazy altar of Hepliaklqana.
  5636 | D:6      | Found Wuchery's Assorted Antiques.
  5662 | D:6      | Bought a scroll labelled VAGIRI PYOLU for 21 gold pieces
  5662 | D:6      | Bought a scroll labelled MEIQEY BOAFRILU for 21 gold pieces
  5662 | D:6      | Bought a scroll labelled MEIQEY BOAFRILU for 21 gold pieces
  5662 | D:6      | Bought a scroll labelled SEMO AQEIBLEE for 21 gold pieces
  5662 | D:6      | Bought a glowing pink potion for 18 gold pieces
  5801 | D:6      | Found a glowing drain.
  5815 | Sewer    | Entered a sewer
  5862 | Sewer    | Offered knowledge of Magic Dart by Vehumet.
  5896 | Sewer    | Reached ** piety under Vehumet
  5919 | Sewer    | Reached skill level 1 in Conjurations
  6084 | Sewer    | Reached skill level 11 in Earth Magic
  6086 | Sewer    | Offered knowledge of Ignite Poison by Vehumet.
  6134 | Sewer    | Reached *** piety under Vehumet
  6503 | D:6      | Learned a level 4 spell: Petrify
  6505 | D:6      | Learned a level 1 spell: Beastly Appendage
  6551 | D:6      | Found a staircase to the Ecumenical Temple.
  6607 | D:6      | Reached XP level 9. HP: 39/52 MP: 12/12
  7426 | D:7      | Found Icajaph's General Store.
  7546 | D:7      | Offered knowledge of Fulminant Prism by Vehumet.
  7589 | D:7      | Found a stormy altar of Qazlal.
  7835 | D:7      | Found a sacrificial altar of Ru.
  7835 | D:7      | Found a glowing silver altar of Zin.
  7891 | D:8      | Reached skill level 12 in Earth Magic
  8169 | D:8      | Reached skill level 5 in Fighting
  8169 | D:8      | Reached **** piety under Vehumet
  8336 | D:8      | Found an ancient bone altar of Kikubaaqudgha.
  8518 | D:8      | Found a staircase to the Lair.
  8531 | D:8      | Reached XP level 10. HP: 35/59 MP: 10/13
  8534 | D:8      | Offered knowledge of Iskenderun's Battlesphere by Vehumet.
  9268 | D:8      | Found a snail-covered altar of Cheibriados.
  9289 | D:8      | Reached skill level 5 in Dodging
  9460 | Temple   | Entered the Ecumenical Temple
  9807 | D:9      | Noticed a kobold demonologist
  9888 | D:9      | Noticed a rust devil
  9888 | D:9      | Killed a kobold demonologist
  9942 | D:9      | Identified a scroll of acquirement
  9944 | D:9      | Acquired a staff of earth
 10048 | D:9      | Reached skill level 5 in Shields
 10055 | D:8      | Reached skill level 5 in Conjurations
 10579 | D:9      | Found a glowing golden altar of the Shining One.
 10582 | D:9      | Found an iron altar of Okawaru.
 10585 | D:9      | Found a shimmering blue altar of Sif Muna.
 10971 | Lair:1   | Entered Level 1 of the Lair of Beasts
 11002 | Lair:1   | Reached XP level 11. HP: 10/66 MP: 5/14
 12266 | Lair:1   | Noticed an oklob plant
 12266 | Lair:1   | Noticed an oklob plant
 12546 | Lair:2   | Noticed a boulder beetle
 12774 | Lair:2   | Reached ***** piety under Vehumet
 12803 | Lair:2   | Offered knowledge of Irradiate by Vehumet.
 13316 | Lair:2   | Noticed an eight-headed hydra
 13706 | Lair:2   | Killed an eight-headed hydra
 14500 | D:10     | Entered Level 10 of the Dungeon
 14706 | D:10     | Found a portal to a secret trove of treasure.
 14844 | D:10     | Reached skill level 1 in Staves
 15408 | D:10     | Reached XP level 12. HP: 73/73 MP: 15/15
 15907 | D:11     | Found a frozen archway.
 15913 | IceCv    | Entered an ice cave
 15932 | IceCv    | Slain by a polar bear

Illustrated notes

Levels and vault maps discovered:
D:1:      amcnicky_arrival_underground_garden, layout_rooms,
          dreamdust_ecumenical_altar_statues
D:2:      layout_loops_ring, kennysheep_generic_room_3
D:3:      layout_loops_corners, nicolae_overflow_squiral,
          hangedman_decor_riveting
D:4:      nicolae_cairo_tiling_large, layout_loops_ring, serial_shops,
          nicolae_shop_bloodbath_and_beyond, nicolae_shop_hallway_stairs,
          minmay_puff, uniq_sigmund, uniq_robin
D:5:      kennysheep_big_flooded_room, layout_loops_cross,
          nicolae_hepliaklqana_monster_ancestors, hangedman_abyss_or_decor_stabs
D:6:      layout_layer_cave, temple_pool_b, serial_shops, shop,
          portal_sewer_entry_c
D:7:      layout_rooms, gammafunk_temple_overflow_statue, lemuel_round_altar,
          serial_shops, kennysheep_mini, serial_bayou, serial_bayou_pond_d,
          serial_bayou_pond_d, serial_bayou_pond_e, serial_bayou_crossing
D:8:      layout_cave_pods, kennysheep_slug_shrine, tgw_kikubaaqudgha,
          erik_lair_orcish_takeover, minmay_misc_feat_five
D:9:      layout_loops_ring, minmay_overflow_temple_star_quad, minmay_ruffians
D:10:     layout_basic, nicolae_trove_entry_columns
D:11:     layout_roguey, zombieorc2_lemuel, portal_ice_cave_rime,
          hangedman_abyss_or_decor_clamps, uniq_lodul
Temple:   nicolae_temple_bog_church
Lair:1:   dpeg_oklob_gauntlet, layout_layer_cave
Lair:2:   layout_hall_layers, spider_nest_entry_funnel_web
IceCv:    ice_cave_caverns_03

Skill      XL: |  1  2  3  4  5  6  7  8  9 10 11 12 |
---------------+-------------------------------------+-----
Transmutations | 1 2 3 |  3.8
Earth Magic    | 4 5 7 8 10 11 12 | 12.0
Dodging        | 2 4 6 8 |  8.0
Stealth        | 3 4 |  4.0
Fighting       | 1 2 3 4 5 6 8 |  8.0
Shields        | 1 2 4 6 8 |  8.0
Conjurations   | 1 4 5 7 8 |  8.3
Staves         | 2 3 |  3.7
Spellcasting   | |  2.0

Action                   |  1- 3 |  4- 6 |  7- 9 | 10-12 || total
-------------------------+-------+-------+-------+-------++-------
Melee: Unarmed           |     3 |       |       |       ||     3
       Club              |     8 |       |       |       ||     8
       Short sword       |       |       |     3 |       ||     3
       Flail             |       |       |       |     6 ||     6
       Staff             |       |       |       |    20 ||    20
       Punch             |       |       |       |     1 ||     1
 Cast: Sandblast         |    51 |    79 |   213 |   311 ||   654
       Stone Arrow       |       |       |       |    11 ||    11
  Use: Scroll            |       |       |    13 |    13 ||    26
Armor: Robe              |     9 |     7 |    80 |    92 ||   188
Dodge: Dodged            |    17 |    15 |    94 |   190 ||   316
Block: Other             |       |    10 |    39 |    53 ||   102
       Reflection        |       |     1 |     3 |     4 ||     8
       Buckler           |       |       |       |    34 ||    34
